 Dungeon Crawl Stone Soup version 0.27-a0-1137-g3ef0f4ec91 (webtiles) character file.

Game seed: 14267461663091408421

43913 jasper the Peltast (level 13, -7/88 HPs)
             Began as a Demonspawn Artificer on May 7, 2021.
             Was a High Priest of Okawaru (penitent).
             Mangled by an orc warrior
             ... wielding a +0 glaive
              (22 damage)
             ... while paralysed by an orc sorcerer
             ... on level 2 of the Orcish Mines.
             The game lasted 00:39:56 (21781 turns).

jasper the Peltast (Demonspawn Artificer)          Turns: 21781, Time: 00:39:56

Health: -7/88      AC: 18    Str: 12    XL:     13   Next: 93%
Magic:  16/16      EV:  2    Int: 13    God:    Okawaru [*]
Gold:   975        SH:  0    Dex: 19    Spells: 12/12 levels left

rFire    . . .     SeeInvis .   K - +0 scimitar (flame)
rCold    . . .     Faith    .   f - +2 kite shield {reflect}
rNeg     . . .     Spirit   .   a - +0 troll leather armour
rPois    +         Reflect  +   s - +2 helmet
rElec    .         Harm     .   L - +0 cloak {Will+}
rCorr    .         Rampage  .   o - +2 pair of gloves {Stlth+}
Will     +....                  (boots unavailable)
Stlth    +++.......             x - amulet of reflection
HPRegen  1.24/turn              w - +4 ring of protection
MPRegen  0.15/turn              q - ring of poison resistance

@: paralysed
A: hooves 3, icy blue scales 1, powered by pain 1, demonic magic 1
a: Renounce Religion


You were on level 2 of the Orcish Mines.
You worshipped Okawaru.
Okawaru was demanding penance.
You visited 4 branches of the dungeon, and saw 20 of its levels.

You collected 1111 gold pieces.
You spent 136 gold pieces at shops.

Inventory:

Hand Weapons
 K - a +0 scimitar of flaming (weapon)
Missiles
 g - 34 boomerangs
 k - 134 sling bullets
 u - 7 silver javelins
 M - 3 throwing nets
 W - 7 atropa-tipped darts
 Z - 9 javelins
Armour
 a - a +0 troll leather armour (worn)
 f - a +2 kite shield of reflection (worn)
 o - a +2 pair of gloves of stealth (worn)
 s - a +2 helmet (worn)
 L - a +0 cloak of willpower (worn)
Jewellery
 q - a ring of poison resistance (right hand)
 w - a +4 ring of protection (left hand)
 x - an amulet of reflection (around neck)
 A - a ring of positive energy
 I - a ring of resist corrosion
 N - a ring of protection from cold
Wands
 d - a wand of charming (26)
 l - a wand of acid (29)
 r - a wand of polymorph (8)
 y - a wand of iceblast (2)
 E - a wand of paralysis (20)
Scrolls
 b - a scroll of fog
 c - 2 scrolls of magic mapping
 e - 4 scrolls of identify
 m - 5 scrolls of teleportation
 p - 5 scrolls of enchant weapon
 z - a scroll of immolation
 H - 2 scrolls of enchant armour
 P - a scroll of brand weapon
 Q - a scroll of silence
 R - a scroll of summoning
Potions
 h - 3 potions of magic
 i - 3 potions of cancellation
 j - 2 potions of flight
 n - 4 potions of haste
 t - 5 potions of ambrosia
 v - a potion of resistance
 F - 2 potions of berserk rage
 G - 2 potions of lignification
 J - 5 potions of attraction
 O - 2 potions of mutation
 S - 3 potions of might
 T - a potion of brilliance
 X - 3 potions of curing
Miscellaneous
 Y - a phial of floods


   Skills:
 + Level 4.2 Fighting
 - Level 14.0 Long Blades
 + Level 4.2 Armour
 + Level 3.8 Dodging
 - Level 0.8 Stealth
 - Level 15.0 Shields
 - Level 4.0 Invocations
 - Level 3.0 Evocations


You had 12 spell levels left.
You didn't know any spells.
Your spell library contained the following spells:

 Spells                   Type           Power      Damage    Failure   Level
 Magic Dart               Conj           0%         1d3       36%         1
 Shock                    Conj/Air       0%         1d3       36%         1
 Summon Small Mammal      Summ           0%         N/A       36%         1
 Call Imp                 Summ           0%         N/A       52%         2
 Searing Ray              Conj           0%         3d3       52%         2
 Static Discharge         Conj/Air       0%         N/A       52%         2
 Call Canine Familiar     Summ           0%         N/A       75%         3
 Dazzling Flash           Conj/Hex       0%         N/A       75%         3
 Summon Guardian Golem    Hex/Summ       0%         N/A       75%         3
 Swiftness                Air            0%         N/A       75%         3
 Airstrike                Air            0%         N/A       98%         4
 Fulminant Prism          Conj/Hex       0%         3d6       98%         4
 Iskenderun's Mystic Bla  Conj/Tloc      0%         2d3       98%         4
 Summon Ice Beast         Ice/Summ       0%         N/A       98%         4
 Summon Lightning Spire   Summ/Air       0%         N/A       98%         4
 Lightning Bolt           Conj/Air       0%         1d11      100%        5
 Silence                  Hex/Air        0%         N/A       100%        5
 Conjure Ball Lightning   Conj/Air       0%         3x3d6     100%        6
 Tornado                  Air            0%         N/A       100%        9


Dungeon Overview and Level Annotations

Branches:
Dungeon (11/15)            Temple (1/1) D:5            Lair (6/6) D:8
  Swamp (0/4) Lair:3       Spider (0/4) Lair:3        Slime (0/5) Lair:5
    Orc (2/2) D:10
    Elf: Orc:2

Altars:
Ashenzari
Elyvilon
Fedhas
Hepliaklqana
Kikubaaqudgha
Makhleb
Okawaru
Ru
Sif Muna
Vehumet
Wu Jian
The Shining One
Jiyva

Shops:
D:5 *

Annotations:
D:11 1 runed translucent door, Mels's ghost, journeyman FoFi
Lair:1 Gastronok
Lair:5 Josephine


Innate Abilities, Weirdness & Mutations

You have hooves in place of feet.
You are partially covered in icy blue scales. (AC +2)
You sometimes gain a little power by taking damage.
Spells you cast may paralyse adjacent enemies.


Message History

The mass of ice explodes!
The iceblast engulfs the orc knight.
The orc knight is almost dead.
You hear a shout!
Something hits the ogre!
Flame seeps out of the ogre.
The orc completely misses you. You block the orc warrior's attack.
The orc warrior hits you from afar with a +0 glaive!
An orc comes into view. It is wielding a +0 hand axe.
You block the ogre's attack.
The ogre is engulfed in blazing flames.
Okawaru accepts your kill.
The ogre explodes!
The fiery explosion engulfs the orc priest!!!
Okawaru accepts your kill.
The fiery explosion engulfs the orc warrior!!
You kill the orc warrior!
Okawaru accepts your kill.
The orc priest explodes!
Okawaru forgives your inadvertent attack on an ally, just this once.
You feel a bit more experienced.
Okawaru forgives your inadvertent attack on an ally, just this once.
You hear an explosion!
The orc knight roars a battlecry!
The orc warrior goes into a battle-frenzy!
An ogre comes into view. It is wielding a +0 giant spiked club.
You block the orc's attack.
The orc sorcerer points at you and mumbles some strange words.
You suddenly lose the ability to move!
The orc priest mumbles some strange prayers to Beogh against you.
Beogh smites you! The orc hits you but does no damage.
The orc warrior hits you from afar with a +0 trident!
The orc warrior hits you from afar with a +0 glaive!!
* * * LOW HITPOINT WARNING * * *
The orc knight roars a battlecry!
The orc hits you but does no damage. The ogre completely misses you.
A puff of flame appears from out of thin air!
The puff of flame hits you but does no damage.
The orc priest looks encouraged for a moment.
The orc hits you but does no damage.
The orc warrior hits you from afar with a +0 glaive!!
You die...

.....o...#......
....{§§§§§§.....
..#)○☼§§)§§.....
#.☼§)°§§§.....#
##.o☼.).....O...
#....°.☼....o...
#......o........
##......O{o#.....
.....oo@oo.......
.#.....o.o.$.....
#....o...........
.......).○.......
....o..○)........
.#.....).........
................
..o............


You could see an orc knight (strong), an orc sorcerer (inner flame, strong), 3
orc warriors, 2 ogres, 2 orc priests and 6 orcs.

Vanquished Creatures
  A centaur warrior (D:8)
  Erolcha (D:11)
  4 two-headed ogres
  A hydra (Lair:3)
  9 death yaks (Lair:5)
  Erica (D:8)
  Nergalle (Lair:3)
  A lindwurm (Lair:4)
  An orc knight (Orc:2)
  7 elephants
  A centaur zombie (D:11)
  4 black mambas
  2 rime drakes
  11 cane toads
  An unseen horror (D:10)
  3 komodo dragons
  A queen bee (D:11)
  A polar bear (Lair:5)
  2 trolls
  17 blink frogs
  2 hornets
  20 yaks
  Eustachio (D:6)
  A spriggan (Lair:4)
  6 wraiths
  A shadow (D:10)
  A vampire (D:11)
  6 wyverns
  5 basilisks
  4 vampire mosquitoes (Lair:3)
  A steam dragon (Lair:4)
  Edmund (D:6)
  2 acid dragons
  8 water moccasins
  4 black bears
  8 orc warriors
  A necrophage (D:5)
  6 ogres
  43 wolves
  3 phantoms
  20 centaurs
  4 kobold brigands
  10 bullfrogs
  4 scorpions (D:7)
  A water moccasin zombie (D:6)
  A water moccasin skeleton (D:6)
  25 killer bees (D:11)
  5 wights (D:7)
  5 howler monkeys
  2 bullfrog zombies (D:5)
  2 jellies
  3 hounds
  2 gnoll shamans
  A bullfrog skeleton (D:6)
  2 iguanas
  8 orc priests
  Crazy Yiuf (D:7)
  2 centaur skeletons (D:7)
  16 orc wizards
  A killer bee zombie (D:6)
  A howler monkey zombie (D:9)
  15 gnolls
  4 adders
  A white imp (D:6)
  A dart slug (D:5)
  56 orcs
  4 endoplasms
  4 giant cockroaches
  5 hobgoblins
  14 jackals (D:4)
  2 quokkas
  8 ball pythons
  8 bats
  2 frilled lizards
  4 goblins
  19 kobolds
  4 rats
461 creatures vanquished.

Vanquished Creatures (collateral kills)
  A necrophage (D:4)
  An orc wizard (Orc:2)
  A gnoll (D:4)
  An adder skeleton (D:4)
  An orc (Orc:2)
5 creatures vanquished.

Vanquished Creatures (others)
  An orc priest (Orc:2)
  2 orc wizards
  An orc (Orc:2)
  17 fungi
  17 plants
  6 withered plants
44 creatures vanquished.

Grand Total: 510 creatures vanquished

Notes
Turn   | Place    | Note
-------+----------+-------------------------------------------
     0 | D:1      | jasper the Demonspawn Artificer began the quest for the
                  | Orb.
     0 | D:1      | Reached XP level 1. HP: 15/15 MP: 1/1
   601 | D:1      | Reached skill level 1 in Shields
   822 | D:1      | Gained mutation: You have large cloven feet. [demonic
                  | ancestry]
   822 | D:1      | Reached XP level 2. HP: 21/21 MP: 2/2
   846 | D:1      | Found a faded altar of an unknown god.
  1806 | D:2      | Reached skill level 2 in Shields
  1926 | D:3      | Reached XP level 3. HP: 20/26 MP: 3/3
  2486 | D:3      | Noticed a wyvern
  2626 | D:4      | Noticed a black bear
  2627 | D:4      | Noticed a necrophage
  2638 | D:4      | Killed a necrophage
  2639 | D:4      | Reached skill level 3 in Shields
  2639 | D:4      | Reached XP level 4. HP: 32/32 MP: 4/4
  2656 | D:4      | Killed a black bear
  2965 | D:4      | Reached skill level 4 in Shields
  3214 | D:4      | Reached XP level 5. HP: 37/37 MP: 5/5
  3282 | D:4      | Reached skill level 5 in Shields
  3426 | D:5      | Entered Level 5 of the Dungeon
  3426 | D:5      | Noticed an ogre
  3464 | D:5      | Found a staircase to the Ecumenical Temple.
  3480 | D:5      | Noticed a necrophage
  3494 | D:5      | Killed a necrophage
  3495 | D:5      | Gained mutation: You are partially covered in icy blue
                  | scales. (AC +2) [demonic ancestry]
  3495 | D:5      | Reached XP level 6. HP: 37/43 MP: 6/6
  3788 | D:5      | Reached skill level 6 in Shields
  4022 | D:5      | Found Siuwkeaw's Assorted Antiques.
  4029 | D:5      | Bought a pair of embroidered gloves for 120 gold pieces
  4029 | D:5      | Bought a scroll labelled SISCHO YTECIBYX for 16 gold pieces
  4223 | D:5      | Reached XP level 7. HP: 19/48 MP: 7/7
  5046 | D:6      | Reached skill level 7 in Shields
  5089 | D:6      | Noticed Eustachio
  5524 | D:6      | Found an ancient bone altar of Kikubaaqudgha.
  5594 | D:6      | Noticed Edmund
  5732 | D:6      | Reached skill level 8 in Shields
  5808 | D:6      | Gained mutation: You sometimes gain a little power by
                  | taking damage. [demonic ancestry]
  5808 | D:6      | Reached XP level 8. HP: 54/54 MP: 8/8
  6242 | D:6      | Killed Eustachio
  6243 | D:6      | Reached skill level 9 in Shields
  6534 | Temple   | Entered the Ecumenical Temple
  6542 | Temple   | Became a worshipper of Warmaster Okawaru
  7004 | D:6      | Killed Edmund
  7188 | D:7      | Reached skill level 10 in Shields
  7194 | D:7      | Reached * piety under Okawaru
  7460 | D:7      | Reached XP level 9. HP: 50/58 MP: 9/9
  8062 | D:7      | Reached skill level 11 in Shields
  8441 | D:7      | Reached ** piety under Okawaru
  8715 | D:7      | Found a runed translucent door.
  8716 | D:7      | Noticed Crazy Yiuf
  8984 | D:7      | Killed Crazy Yiuf
  9877 | D:4      | Reached skill level 12 in Shields
 10487 | D:8      | Noticed Erica
 10501 | D:8      | Killed Erica
 10818 | D:8      | Reached XP level 10. HP: 65/65 MP: 10/10
 10819 | D:8      | Reached *** piety under Okawaru
 10871 | D:8      | Paralysed by a hornet for 3 turns
 10878 | D:8      | Paralysed by a hornet for 2 turns
 10881 | D:8      | Reached skill level 1 in Long Blades
 11608 | D:8      | Reached skill level 13 in Shields
 11690 | D:8      | Reached skill level 1 in Invocations
 12127 | D:8      | Found a staircase to the Lair.
 12236 | D:8      | Noticed a centaur warrior
 12241 | D:8      | Killed a centaur warrior
 12241 | D:8      | Reached **** piety under Okawaru
 12241 | D:8      | Received a gift from Okawaru
 12438 | D:8      | Noticed a two-headed ogre
 12452 | D:8      | Killed a two-headed ogre
 13336 | D:9      | Gained mutation: You have hoof-like feet. [demonic
                  | ancestry]
 13336 | D:9      | Reached XP level 11. HP: 70/70 MP: 11/14
 14005 | D:10     | Entered Level 10 of the Dungeon
 14031 | D:9      | Reached skill level 14 in Shields
 14408 | D:10     | Found a staircase to the Orcish Mines.
 14466 | D:10     | Noticed a two-headed ogre
 14493 | D:10     | Killed a two-headed ogre
 14493 | D:10     | Reached ***** piety under Okawaru
 14494 | D:10     | Reached skill level 5 in Long Blades
 14929 | D:11     | Found a runed translucent door.
 14930 | D:11     | Noticed Mels's ghost (journeyman FoFi)
 14948 | D:11     | Noticed a two-headed ogre
 14963 | D:11     | Killed a two-headed ogre
 15185 | D:11     | Reached skill level 15 in Shields
 15188 | D:11     | Identified the +5 demon whip "Mihokenemo" {elec, rF- rN+
                  | Will+} (Okawaru gifted it to you on level 11 of the
                  | Dungeon)
 15188 | D:11     | Received a gift from Okawaru
 15389 | D:11     | Noticed a two-headed ogre
 15396 | D:11     | Killed a two-headed ogre
 15578 | D:11     | Noticed Erolcha
 15584 | D:11     | Paralysed by Erolcha for 6 turns
 15599 | D:11     | Killed Erolcha
 15985 | Lair:1   | Entered Level 1 of the Lair of Beasts
 16126 | Lair:1   | Gained mutation: Spells you cast may paralyse adjacent
                  | enemies. [demonic ancestry]
 16126 | Lair:1   | Reached XP level 12. HP: 76/76 MP: 15/15
 16257 | Lair:1   | Received a gift from Okawaru
 16330 | Lair:1   | Found a broken altar of Ashenzari.
 16340 | Lair:1   | Noticed Gastronok
 17706 | Lair:3   | Reached skill level 10 in Long Blades
 17754 | Lair:3   | Found a staircase to the Swamp.
 17874 | Lair:3   | Noticed Nergalle
 17930 | Lair:3   | Killed Nergalle
 18052 | Lair:3   | Noticed a six-headed hydra
 18063 | Lair:3   | Killed a five-headed hydra
 18063 | Lair:3   | Received a gift from Okawaru
 18132 | Lair:3   | Found a hole to the Spider Nest.
 18489 | Lair:3   | Reached ****** piety under Okawaru
 18752 | Lair:4   | Gained mutation: You have hooves in place of feet. [demonic
                  | ancestry]
 18752 | Lair:4   | Reached XP level 13. HP: 39/81 MP: 16/16
 19469 | Lair:4   | Received a gift from Okawaru
 20060 | Lair:5   | Found a viscous altar of Jiyva.
 20061 | Lair:5   | Found a staircase to the Slime Pits.
 20130 | Lair:5   | Noticed Josephine
 20269 | Lair:5   | Reached skill level 1 in Dodging
 21082 | Lair:6   | Entered Level 6 of the Lair of Beasts
 21404 | Orc:1    | Entered Level 1 of the Orcish Mines
 21622 | Orc:1    | Received a gift from Okawaru
 21744 | Orc:2    | Entered Level 2 of the Orcish Mines
 21766 | Orc:2    | Was placed under penance by Okawaru
 21779 | Orc:2    | Paralysed by an orc sorcerer for 6 turns
 21781 | Orc:2    | Mangled by an orc warrior

Illustrated notes

Levels and vault maps discovered:
D:1:      elethiomel_arrival_shortcut, layout_basic,
          hellmonk_ecumenical_altar_pennies_from_heaven,
          hangedman_decor_diamond_cutter
D:2:      kennysheep_the_goblin_king, layout_basic, chequers_big_river
D:3:      layout_basic
D:4:      lemuel_castle_with_subvaults [lemuel_castle_interior_carwin_2],
          layout_rooms, st_stairs_9, feat_on_display
D:5:      layout_basic, minmay_temple_entry_from_below_a, serial_shops,
          nicolae_shop_trees
D:6:      layout_basic, lemuel_crystal_altar, uniq_eustachio, uniq_edmund
D:7:      old_forge, layout_loops_ring, centaur_isle, uniq_crazy_yiuf_cottage
D:8:      layout_loops_ring, erik_lair_dragon, serial_glass, glass_columns_c,
          glass_columns_c, wad_mini_maze, uniq_erica
D:9:      layout_cave_pods, minivault_11, minmay_misc_feat_hallway,
          kennysheep_big_empty_room
D:10:     layout_roguey, orc_0_dummy
D:11:     layout_roguey [special_room_bee], gammafunk_ghost_grave, uniq_erolcha
Temple:   compressed_dpeg_triangle_lava_temple
Lair:1:   layout_roguey, basic_altar, serial_bayou_pond_b,
          chequers_serial_rivers_micro_a, uniq_gastronok
Lair:2:   layout_small_grid
Lair:3:   layout_misc_corridors, minmay_swamp_entry_swarm,
          spider_nest_entry_web_field, uniq_nergalle
Lair:4:   layout_layer_cave, grunt_forest_large_clearings,
          infiniplex_staircase_pool_2
Lair:5:   layout_long_grid, slime_altar_1, grunt_megastairs_2, uniq_josephine
Lair:6:   due_jungle_book, layout_concentric_octagons
Orc:1:    layout_diamond_mine
Orc:2:    grunt_orc_tribal_feast, layout_caves, basic_altar

Skill      XL: |  1  2  3  4  5  6  7  8  9 10 11 12 13 |
---------------+----------------------------------------+-----
Shields        | 1 2 3 4 5 6 8 10 12 13 15 | 15.0
Long Blades    | 4 8 12 14 | 14.0
Invocations    | 4 |  4.0
Armour         | 4 |  4.2
Dodging        | 3 |  3.8
Fighting       | 4 |  4.2
Stealth        | |  0.8
Evocations     | |  3.0

Action                   |  1- 3 |  4- 6 |  7- 9 | 10-12 | 13-15 || total
-------------------------+-------+-------+-------+-------+-------++-------
Melee: Club              |    12 |       |       |       |       ||    12
       Short sword       |    36 |       |       |       |       ||    36
       Kick              |    14 |    41 |   127 |       |   245 ||   427
       Rapier            |    26 |    37 |       |       |       ||    63
       Spear             |       |    35 |       |       |       ||    35
       Long sword        |       |    60 |   388 |       |       ||   448
       Scimitar          |       |       |    13 |  1257 |   639 ||  1909
Throw: Stone             |     4 |     9 |    20 |     4 |       ||    37
       Boomerang         |       |       |       |    37 |       ||    37
Invok: Heroism           |       |       |     1 |    12 |     8 ||    21
       Finesse           |       |       |       |       |     1 ||     1
Evoke: Wand              |    20 |     1 |     7 |    53 |    26 ||   107
       Piece from Xom's  |     2 |       |     2 |       |       ||     4
       Phial of floods   |       |       |       |     1 |       ||     1
  Use: Scroll            |     4 |     6 |     3 |    12 |     5 ||    30
       Potion            |     1 |       |     3 |     1 |     3 ||     8
 Stab: Sleeping          |       |       |     1 |     1 |     2 ||     4
Armor: Leather armour    |    18 |       |       |       |       ||    18
       Scale mail        |     4 |    37 |       |       |       ||    41
       Ring mail         |       |    18 |   171 |    91 |       ||   280
       Troll leather arm |       |       |       |   345 |   182 ||   527
Dodge: Dodged            |    32 |    34 |   114 |   335 |   202 ||   717
Block: Kite shield       |    41 |    78 |   435 |  1309 |   675 ||  2538
       Reflection        |       |     1 |    31 |    44 |     8 ||    84
       Rpst.: Long sword |       |     6 |    39 |       |       ||    45
       Scimitar          |       |       |     4 |    98 |    51 ||   153

Table legend: (Time is in decaauts)
 A = Elapsed time spent in this place.
 B = Non-inter-level travel time spent in this place.
 C = Inter-level travel time spent in this place.
 D = Time resting spent in this place.
 E = Time spent auto-exploring this place.
 F = Levels seen in this place.
 G = Mean time per level.
                   A        B        C        D        E       F      G
               +--------+--------+--------+--------+--------+-----+--------+
         Total |  22020 |  20602 |   1418 |   1917 |  13366 |  20 | 1101.0 |
       Dungeon |  16586 |  15597 |    989 |   1835 |  10233 |  11 | 1507.8 |
        Temple |     15 |      9 |      6 |      0 |      1 |   1 |   15.0 |
          Lair |   5064 |   4660 |    404 |     74 |   2941 |   6 |  844.0 |
  Orcish Mines |    353 |    335 |     18 |      8 |    191 |   2 |  176.5 |
               +--------+--------+--------+--------+--------+-----+--------+

Top non-repeatable levels by time:
     D:8: 2575 daAuts
     D:7: 2243 daAuts
     D:5: 1988 daAuts
     D:6: 1962 daAuts
     D:4: 1797 daAuts
  Lair:4: 1449 daAuts
     D:1: 1449 daAuts
     D:3: 1114 daAuts
    D:11: 1103 daAuts
     D:9: 1039 daAuts
  Lair:5: 979 daAuts
  Lair:2: 942 daAuts
  Lair:3: 900 daAuts
    D:10: 819 daAuts
  Lair:1: 732 daAuts
